AoeStats
← kolemy

Hideout

503293405Analyzed
2v2 RM · 1mo ago on Aug 31, 2026· 22m 5s· 4 players
Game mode
Random Map
Map size
Medium (4 player)
Population
200
Speed
Normal
Resources
Standard
Victory
Conquest
Starting age
Dark Age
Ending age
Imperial Age
RankedLock teamsTeams togetherTeam positionsShared explorationLock speedFull tech treeHidden civsTurbo modeCheats
Victory
Defeat
🇨🇴 Britons · Colombia
606
+12
🇨🇴 Spanish · Colombia
604
+12
🇬🇹 Khmer · Guatemala
558
-14
🇨🇱 Persians · Chile
479
-10
ErmoAlan
11:29 Feudal Age
11:44 Man-at-Arms
13:07 Double-Bit Axe
kolemy
0:58 Loom
16:26 Feudal Age
22:54 Wheelbarrow
22:05 Town Watch
22:01 Horse Collar
22:08 Double-Bit Axe
BracingFrog3600
0:33 Loom
11:16 Feudal Age
13:59 Double-Bit Axe
19:11 Horse Collar
19:29 Man-at-Arms
20:52 Padded Archer Armor
TinselFan831357
10:04 Feudal Age
12:21 Double-Bit Axe
21:42 Horse Collar
Connection lost

Rejoining the realm…

Still unreachable

The connection could not be restored.

Session expired

The server has moved on; the page needs a fresh start.